Map: Dusk Towers

Players

heartofoak

  • Race: Protoss Protoss
  • League: Bronze

Grumm - Winner!

  • Race: Protoss Protoss
  • League: Gold

VOD

Have the link to the VOD?

Description

Time

  • Played on: Feb. 11, 2016, 1:32 a.m.
  • Length: 3:09
Show
View Real Time Build Order
Export as new Build Order

heartofoak Protoss 

Build Orders:  

Get SALT Encoding   

  12  0:01  Probe (Chrono Boost)  
  13  0:12  Probe (Chrono Boost)  
  14  0:19  Pylon  
  14  0:22  Probe (Chrono Boost)  
  15  0:37  Probe (Chrono Boost)  
  15  0:39  Gateway  
  16  0:47  Assimilator  
  16  0:48  Probe (Chrono Boost)  
  17  0:58  Pylon  
  17  1:03  Probe (Chrono Boost)  
  18  1:14  Probe (Chrono Boost)  
  19  1:25  Probe (Chrono Boost)  
  20  1:26  Pylon  
  20  1:30  Cybernetics Core  
  20  1:35  Probe (Chrono Boost)  
  21  1:46  Probe (Chrono Boost)  
  22  1:49  Gateway  
  22  1:56  Probe (Chrono Boost)  
  22  2:00  Assimilator  
  23  2:07  Probe (Chrono Boost)  
  24  2:21  Stalker (Chrono Boost)  
  26  2:35  Stargate  
Show
View Real Time Build Order
Export as new Build Order

Grumm Protoss - Winner!

Build Orders:  

Get SALT Encoding   

  12  0:01  Probe (Chrono Boost)  
  13  0:17  Pylon  
  13  0:19  Probe (Chrono Boost)  
  14  0:35  Gateway  
  14  0:44  Gateway  
  14  0:47  Probe (Chrono Boost)  
  15  0:57  Probe (Chrono Boost)  
  16  1:08  Probe (Chrono Boost)  
  16  1:09  Assimilator  
  18  1:18  Probe (Chrono Boost)  
  18  1:23  Zealot (Chrono Boost)  
  20  1:29  Probe  
  21  1:36  Cybernetics Core  
  21  1:38  Zealot (Chrono Boost)  
  23  1:45  Pylon  
  23  1:50  Assimilator  
  22  2:04  Zealot (Chrono Boost)  
  22  2:07  Zealot (Chrono Boost)  
  26  2:11  Probe  
  27  2:26  Probe  
  28  2:50  Probe  
  29  2:54  Nexus  
Tags
 
Add a new tag
Caveats
  • Supply blocks, unpowered buildings, or Contaminate may cause inaccurate times.
  • Supply counts are checked every 10 seconds.